 Dungeon Crawl Stone Soup version 0.31-a0-151-ge443d1f16c (webtiles) character file.

Game seed: 17057899397890126718

107 qw the Shooter (level 4, -3/28 HPs)
             Began as a Gargoyle Hunter on June 8, 2023.
             Slain by Sigmund
             ... wielding a +0 scythe
              (5 damage)
             ... on level 3 of the Dungeon.
             The game lasted 00:00:48 (1500 turns).

qw the Shooter (Gargoyle Hunter)                    Turns: 1500, Time: 00:00:49

Health: -3/28      AC:  9    Str: 15    XL:     4   Next: 86%
Magic:  4/4        EV: 11    Int:  9    God:
Gold:   47         SH:  5    Dex: 21    Spells: 3/3 levels left

rFire   . . .        Y - +0 shortbow (heavy)
rCold   . . .        (shield currently unavailable)
rNeg    + . .        a - +0 ring mail
rPois   inf          (no helmet)
rElec   +            (no cloak)
rCorr   .            (no gloves)
SInv    .            b - +0 pair of boots
Will    .....        j - amulet of reflection
Stlth   +            e - +6 ring of dexterity
HPRegen 0.24/turn    (no ring)
MPRegen 0.09/turn

%: reflection
@: no status effects
A: sickness immunity, AC +3, negative energy resistance 1, electricity
resistance, torment resistance 1, petrification resistance
a: no special abilities


You were on level 3 of the Dungeon.
You visited 1 branch of the dungeon, and saw 3 of its levels.

You collected 137 gold pieces.
You spent 90 gold pieces at shops.


Innate Abilities, Weirdness & Mutations

You are immune to sickness and miasma.
Your stone body is resilient. (AC +3)
You are immune to poison.
You resist negative energy. (rN+)
You are resistant to electric shocks. (rElec)
You are resistant to unholy torment.
You are immune to petrification.


   Skills:
 - Level 3.1 Fighting
 + Level 5.5 Ranged Weapons
 - Level 1.0 Armour
 - Level 1.5 Dodging
 - Level 1.1 Stealth


You had 3 spell levels left.
You didn't know any spells.
Your spell library was empty.

Inventory:

Hand Weapons
 Y - a +0 heavy shortbow (weapon)
Armour
 a - a +0 ring mail (worn)
 b - a +0 pair of boots (worn)
Jewellery
 e - a +6 ring of dexterity (left hand)
 j - an amulet of reflection (around neck)
Scrolls
 d - a scroll of identify
 h - a scroll of teleportation
Potions
 f - a potion of ambrosia {unknown}

Dungeon Overview and Level Annotations

Branches:
Dungeon (3/15)

Altars:
Okawaru

Shops:
D:2 !

Annotations:
D:3 Sigmund


Message History

HP restored.
Done exploring.
You climb downwards.
Level annotation: Sigmund
There is a stone staircase leading up here.
Things that are here:
5 stones; a +0 dagger You shoot an arrow.
The arrow closely misses the goblin.
You shoot an arrow. The arrow misses the goblin.
You shoot an arrow. The arrow closely misses the goblin.
You shoot an arrow. The arrow hits the goblin!
You kill the goblin!
Sigmund casts a spell at you.
You are confused.
1493 ||| DRINKING potion of curing.
You feel better.
1493 ||| (to cure confusion)
You shoot an arrow. The arrow hits Sigmund!
Sigmund is heavily wounded.
You shoot an arrow. The arrow barely misses Sigmund.
Sigmund mumbles some strange words.
Sigmund flickers and vanishes!
Deactivating autopickup; reactivate with Ctrl-A.
You shoot an arrow.
A magic dart appears from out of thin air!
The magic dart hits you but does no damage.
You hear some strange, mumbled words.
You are confused.
You shoot an arrow. You shoot an arrow. Something hits you.
You hear some strange, mumbled words.
A puff of flame appears from out of thin air!
The puff of flame hits you!
You shoot an arrow.
You feel less confused.
A magic dart appears from out of thin air!
The magic dart hits you!
You shoot an arrow. Something hits you. x2
You die...

...........#.# #.......[..#.#
#..........#.# ...........#.#
########. .............#
#........
.............#######.#######
.....................<......
.###########.%....#######..###...
..............{.@..(.........+
#.)....#####~~.~~########.####
#.####.# #)~[~)#..#####.# #.#
#~~.~~#........#
#.####.#####..8..##.#######
#.........##.8_8.##.#####
######.##.##..8..#......#
.......##..#########.##.#
############ #..#.#


There were no monsters in sight!

Vanquished Creatures
  4 adders
  2 worms
  2 dart slugs
  An orc (D:1)
  7 ball pythons
  4 endoplasms
  4 giant cockroaches (D:1)
  10 goblins
  3 hobgoblins (D:1)
  4 jackals (D:2)
  2 kobolds
  2 quokkas
  7 bats
  2 frilled lizards
  A rat (D:1)
55 creatures vanquished.

Notes
Turn   | Place    | Note
-------+----------+-------------------------------------------
     0 | D:1      | qw the Gargoyle Hunter began the quest for the Orb.
     0 | D:1      | Reached XP level 1. HP: 12/12 MP: 1/1
     0 | D:1      | 0 ||| qw: Version: 0.2-a-120-gdf1a93b
     0 | D:1      | 0 ||| qw: Game counter: 3066
     0 | D:1      | 0 ||| qw: Always use a shield: true
     0 | D:1      | 0 ||| qw: God list: Okawaru
     0 | D:1      | 0 ||| qw: Allow faded altars: false
     0 | D:1      | 0 ||| qw: Do Orc after D:15 true
     0 | D:1      | 0 ||| qw: Do second Lair branch before Depths: true
     0 | D:1      | 0 ||| qw: Lair rune preference: random
     0 | D:1      | 0 ||| qw: Plans: Normal
     0 | D:1      | 0 ||| PLANNING D:1-11
    84 | D:1      | Reached XP level 2. HP: 17/17 MP: 2/2
   428 | D:1      | Reached XP level 3. HP: 21/21 MP: 3/3
   529 | D:1      | 529 ||| UPGRADING to amulet of reflection.
   534 | D:1      | 534 ||| READING scroll labelled DITITR YBROX.
   551 | D:1      | 551 ||| READING scroll labelled MIUPYG ASIUTS.
   552 | D:1      | 552 ||| READING scroll labelled NEYCKAOGGU.
   553 | D:1      | 553 ||| READING 2 scrolls labelled TUNIUX CYWAH.
   557 | D:1      | 557 ||| READING scroll labelled MUKEIL OXZETAU.
   558 | D:1      | 558 ||| DROPPING scroll of butterflies.
   582 | D:2      | 582 ||| STAIRDANCE
   586 | D:1      | Reached skill level 5 in Ranged Weapons
   639 | D:1      | 639 ||| UPGRADING to +0 ring mail.
   649 | D:1      | 649 ||| DROPPING +0 leather armour.
   653 | D:2      | 653 ||| STAIRDANCE
   660 | D:1      | Reached skill level 1 in Armour
   792 | D:2      | Found Joestr Otwy's Distillery.
   797 | D:2      | 797 ||| BUYING potion of curing (30 gold).
   797 | D:2      | Bought a potion of curing for 30 gold pieces
   797 | D:2      | 797 ||| BUYING potion of curing (30 gold).
   797 | D:2      | Bought a potion of curing for 30 gold pieces
   797 | D:2      | 797 ||| BUYING potion of curing (30 gold).
   797 | D:2      | Bought a potion of curing for 30 gold pieces
   797 | D:2      | 797 ||| SHOPLISTING potion of haste (100 gold, have 2).
   797 | D:2      | 797 ||| SHOPLISTING potion of might (40 gold, have 2).
   797 | D:2      | 797 ||| SHOPLISTING potion of mutation (80 gold, have 2).
   805 | D:2      | Reached skill level 3 in Fighting
   805 | D:2      | Reached XP level 4. HP: 26/28 MP: 4/4
  1130 | D:2      | 1130 ||| READING scroll labelled LOR NOTOHOYG.
  1131 | D:2      | 1131 ||| READING 3 scrolls labelled SAOMIZ JAPNINI.
  1132 | D:2      | 1132 ||| READING 2 scrolls of identify.
  1132 | D:2      | 1132 ||| IDENTIFYING golden potion
  1133 | D:2      | 1133 ||| DROPPING potion of degeneration.
  1134 | D:2      | 1134 ||| DROPPING 2 scrolls of immolation.
  1314 | D:3      | Found an iron altar of Okawaru.
  1315 | D:3      | 1315 ||| PLANNING OKAWARU WORSHIP
  1322 | D:3      | 1322 ||| FLEEEEING.
  1323 | D:3      | 1323 ||| FLEEEEING.
  1324 | D:3      | 1324 ||| FLEEEEING.
  1325 | D:3      | 1325 ||| FLEEEEING.
  1326 | D:3      | 1326 ||| FLEEEEING.
  1326 | D:3      | Noticed Sigmund
  1331 | D:3      | 1331 ||| DRINKING 3 potions of curing.
  1331 | D:3      | 1331 ||| (to cure confusion)
  1335 | D:3      | 1335 ||| FLEEEEING.
  1336 | D:3      | 1336 ||| FLEEEEING.
  1337 | D:3      | 1337 ||| FLEEEEING.
  1338 | D:3      | 1338 ||| FLEEEEING.
  1345 | D:3      | 1345 ||| STAIRDANCE
  1418 | D:2      | 1418 ||| UPGRADING to +0 pair of boots.
  1423 | D:2      | 1423 ||| UPGRADING to +6 ring of dexterity.
  1426 | D:3      | 1426 ||| STAIRDANCE
  1428 | D:3      | 1428 ||| STAIRDANCE
  1430 | D:2      | 1430 ||| DRINKING 2 potions of curing.
  1430 | D:2      | 1430 ||| (to cure confusion)
  1433 | D:3      | 1433 ||| STAIRDANCE
  1437 | D:3      | 1437 ||| STAIRDANCE
  1439 | D:2      | 1439 ||| Stepping randomly (disturbance).
  1443 | D:3      | 1443 ||| STAIRDANCE
  1493 | D:3      | 1493 ||| DRINKING potion of curing.
  1493 | D:3      | 1493 ||| (to cure confusion)
  1499 | D:3      | HP: 7/28 [something/magic dart (8)]
  1500 | D:3      | HP: 2/28 [something (6)]
  1500 | D:3      | Slain by Sigmund

Levels and vault maps discovered:
D:1:      scummos_arrival_hexagon, layout_basic
D:2:      layout_rooms, serial_shops, shop_fountains
D:3:      layout_basic, kennysheep_okawaru_gauntlet,
          mainiacjoe_overflow_concentric_impassable,
          mainiacjoe_overflow_small_starburst, uniq_sigmund

Skill      XL: |  1  2  3 |
---------------+----------+-----
Ranged Weapons | 5 |  5.5
Armour         | 1 |  1.0
Fighting       | 3 |  3.1
Dodging        | |  1.5
Stealth        | |  1.1

Action                     |  1- 3 |  4- 6 || total
---------------------------+-------+-------++-------
   Fire: Shortbow          |    94 |    62 ||   156
    Use: Scroll            |     5 |     3 ||     8
         Potion            |       |     3 ||     3
 Armour: Leather armour    |    25 |       ||    25
         Ring mail         |     6 |    10 ||    16
  Dodge: Dodged            |    52 |    17 ||    69
  Block: Other             |     6 |     6 ||    12
         Reflection        |     1 |       ||     1

Table legend:
 A = Non-vault XP
 B = Vault XP
 C = Vault XP percentage of total XP
 D = Non-vault monster count
 E = Vault monster count
 F = Vault count percentage of total count
                 A         B        C        D         E       F
            +---------+---------+-------+---------+---------+-------
      Total |     151 |       3 |   1.9 |      53 |       2 |   3.6
            +---------+---------+-------+---------+---------+-------
        D:1 |      62 |       0 |   0.0 |      27 |       0 |   0.0
        D:2 |      72 |       0 |   0.0 |      19 |       0 |   0.0
        D:3 |      17 |       3 |  15.0 |       7 |       2 |  22.2
            +---------+---------+-------+---------+---------+-------
